 Dungeon Sprint DCSS version 0.27.1-1-g398f81649c (webtiles) character file.

Game seed: 8650834105589213189

7 boopmooplesden the Covered (level 1, -16/22 HPs)
             Began as a Minotaur Fighter on Sept 15, 2021.
             Was a Follower of the Shining One.
             Demolished by Sekiniwe the pandemonium lord (20 damage)
             ... in the Dungeon (Sprint V: "Ziggurat Sprint").
             The game lasted 00:01:08 (80 turns).

boopmooplesden the Covered (Minotaur Fighter)         Turns: 80, Time: 00:01:08

Health: -16/22     AC: 19    Str: 26    XL:     1   Next: 91%
Magic:  0/0        EV: -2    Int:  5    God:    the Shining One [*.....]
Gold:   0          SH:  0    Dex: 15    Spells: 0/0 levels left

rFire    + . .     SeeInvis .   B - +6 shillelagh "Devastator" {shatter}
rCold    + . .     Faith    .   C - +18 shield of the Gong {rElec rN+ Will+ EV-5}
rNeg     + . .     Spirit   .   k - +5 gold dragon scales
rPois    +         Reflect  .   (helmet restricted)
rElec    +         Harm     .   (no cloak)
rCorr    .         Rampage  .   (no gloves)
Will     +....     NoTele   +   (no boots)
Stlth    ..........             (no amulet)
HPRegen  0.07/turn              w - +6 ring of strength
MPRegen  0.07/turn              s - +6 ring of dexterity

@: confused, glowing
A: horns 2, retaliatory headbutt
a: Renounce Religion


You were in the Dungeon.
You worshipped the Shining One.
The Shining One was aware of your devotion.
You visited 1 branch

Inventory:

Hand Weapons
 a - a +0 flail
 B - the +6 shillelagh "Devastator" (weapon) {shatter}
   (You found it in the Dungeon)

   It releases a powerful concussive burst when it strikes, dealing extra damage
   to the target and all other foes adjacent to them.
Armour
 k - +5 gold dragon scales (worn)
 C - the +18 shield of the Gong (worn) {rElec rN+ Will+ EV-5}
   (You found it in the Dungeon)

   It is deafeningly noisy when blocking attacks.
   EV:        It affects your evasion (-5).
   rElec:     It insulates you from electricity.
   rN:        It protects you from negative energy.
   Will:      It increases your willpower.
Jewellery
 r - a ring of flight
 s - a +6 ring of dexterity (right hand)
 t - a +6 ring of dexterity
 u - a +6 ring of intelligence
 v - a +6 ring of intelligence
 w - a +6 ring of strength (left hand)
 x - a +6 ring of strength
Wands
 y - a wand of mindburst (7)
 z - a wand of iceblast (7)
 A - a wand of acid (7)
Scrolls
 j - 4 scrolls of blinking
 m - 4 scrolls of amnesia
 n - 7 scrolls of fog
 o - a scroll of holy word
 p - 5 scrolls of identify
 q - 2 scrolls of fear
Potions
 b - 2 potions of brilliance
 c - 4 potions of resistance
 d - 6 potions of might
 e - 10 potions of curing
 f - 10 potions of heal wounds
 g - 6 potions of haste
 h - 7 potions of magic
 i - 3 potions of berserk rage
 l - a potion of experience


   Skills:
 + Level 4.4 Fighting
 + Level 2.7 Maces & Flails
 + Level 4.4 Armour
 + Level 4.4 Shields


You couldn't memorise any spells.
You didn't know any spells.
Your spell library was empty.

Dungeon Overview and Level Annotations

Branches:
Dungeon (1/1)

Altars:
Ashenzari
Cheibriados
Dithmenos
Elyvilon
Fedhas
Gozag
Hepliaklqana
Kikubaaqudgha
Makhleb
Nemelex Xobeh
Okawaru
Qazlal
Ru
Sif Muna
Trog
Uskayaw
Vehumet
Wu Jian
Xom
Yredelemnul
Zin
The Shining One
Beogh
Jiyva
Lugonu

Annotations:
D 1 transporter


Innate Abilities, Weirdness & Mutations

You have a pair of horns on your head.
You reflexively headbutt those who attack you in melee.


Message History

Unknown command.
Welcome to arena 1.
You enter the transporter and appear at another place.
You and your allies can now gain power from killing the unholy and evil.
A shadow imp and a pandemonium lord come into view.
The shadow imp shouts, "Flee, thou beslubbering earth-vexing bull-brain!"
Sekiniwe shouts, "Get thee gone, thou odious dread-bolted dewberry!"
Found a phantom mirror and a lightning rod (4/4).
Found a transporter.
You hit Sekiniwe.
Sekiniwe and the shadow imp shudder.
Sekiniwe is lightly wounded.
You kill the shadow imp!
The Shining One accepts your kill.
You headbutt Sekiniwe, but do no damage.
Sekiniwe is lightly wounded.
You block Sekiniwe's attack.
SHROANNG!
Sekiniwe gestures.
You are confused.
Your Fighting skill increases to level 4!
Your Armour skill increases to level 4!
Your Shields skill increases to level 4!
Sekiniwe tramples you!!
Ouch! That really hurt!
* * * LOW HITPOINT WARNING * * *
You hold your ground!
Sekiniwe tramples you but does no damage.
Your shield and gold dragon scales prevent you from hitting Sekiniwe.
Sekiniwe is lightly wounded.
Sekiniwe tramples you!!
Ouch! That really hurt!
You die...

▓▓▓▓▓▓▓
▓.8©8.▓
▓.....▓
▓.}.}.▓
▓.....▓
▓@&...▓
▓..©..▓
▓▓▓▓▓▓▓


You could see Sekiniwe.

Vanquished Creatures
  A shadow imp (D)
1 creature vanquished.

Notes
Turn   | Place    | Note
-------+----------+-------------------------------------------
     0 | D        | boopmooplesden the Minotaur Fighter began the quest for the
                  | Orb.
     0 | D        | Reached XP level 1. HP: 19/19 MP: 0/0
     5 | D        | Became a worshipper of the Shining One
    28 | D        | Found a blossoming altar of Fedhas.
    28 | D        | Found the +6 Majin-Bo {vamp, MP+6 Int+6}
    28 | D        | Found the +9 heavy crossbow "Sniper" {vorpal, Acc+∞ SInv}
    28 | D        | Found the +10 dark maul {vorpal}
    28 | D        | Found the +15 Maxwell's patent armour {-Cast -Tele rElec
                  | Will+ rCorr}
    28 | D        | Found the +18 shield of the Gong {rElec rN+ Will+ EV-5}
    28 | D        | Found the +14 obsidian axe {vorpal, Drain Fly SInv}
    28 | D        | Found the +7 great mace "Firestarter" {inner flame, rF++}
    28 | D        | Found the +6 shillelagh "Devastator" {shatter}
    28 | D        | Found the +11 plutonium sword {Contam Stlth-}
    28 | D        | Found the +8 lance "Wyrmbane" {slay drac, rPois rF+ rC+
                  | AC+3}
    28 | D        | Found the +9 sword of Zonguldrok {reap}
    28 | D        | Found the +13 scythe of Curses {drain, Drain}
    28 | D        | Found the +5 sword of Power {vorpal}
    28 | D        | Found the +7 mace of Variability {chain chaos}
    28 | D        | Found the +7 Singing Sword {vorpal, sonic wave}
    28 | D        | Found the +8 storm bow {elec, penet}
    29 | D        | Found a shimmering blue altar of Sif Muna.
    29 | D        | Found a sacrificial altar of Ru.
    29 | D        | Found a bloodstained altar of Trog.
    29 | D        | Found a stormy altar of Qazlal.
    29 | D        | Found an iron altar of Okawaru.
    29 | D        | Found a sparkling altar of Nemelex Xobeh.
    31 | D        | Found a transporter.
    31 | D        | Found an ancient bone altar of Kikubaaqudgha.
    31 | D        | Found a viscous altar of Jiyva.
    31 | D        | Found a corrupted altar of Lugonu.
    31 | D        | Found a hazy altar of Hepliaklqana.
    31 | D        | Found a burning altar of Makhleb.
    31 | D        | Found an opulent altar of Gozag.
    76 | D        | Entered arena 2.
    76 | D        | Noticed Sekiniwe the pandemonium lord
    76 | D        | Reached * piety under the Shining One
    76 | D        | Found a transporter.
    80 | D        | Demolished by Sekiniwe the pandemonium lord

Illustrated notes

Levels and vault maps discovered:
D:        sprint_v [room_start, room_1, room_2, room_3, room_4, room_5, room_6,
          room_7, room_8, room_9, room_10, room_11, room_12, room_13, room_14,
          room_15, room_16, room_17, room_18, room_19, room_20, room_21,
          room_22, room_23, room_24, room_25, room_26, room_27]

Skill      XL: |  1 |
---------------+----+-----
Fighting       | 4 |  4.4
Armour         | 4 |  4.4
Shields        | 4 |  4.4
Maces & Flails | |  2.7

Action                   || total
-------------------------++-------
Melee: Shillelagh        ||     2
       Headbutt          ||     1
Armor: Gold dragon scale ||     1
Block: Kite shield       ||     1
